 Dungeon Crawl Stone Soup version 0.31.0-12-g77e489cdc1 (webtiles) character file.

Game seed: 8478154477674100464

16802 Janerl the Bludgeoner (level 12, -2/110 HPs)
             Began as a Minotaur Berserker on Feb 16, 2024.
             Was a High Priest of Trog.
             Slain by an orc warrior
             ... wielding a +1 war axe of electrocution
             ... led by an orc high priest
              (12 damage)
             ... on level 2 of the Orcish Mines.
             The game lasted 01:03:47 (10568 turns).

Janerl the Bludgeoner (Minotaur Berserker)         Turns: 10568, Time: 01:03:48

Health: -2/110     AC: 11    Str: 24    XL:     12   Next: 13%
Magic:  0/16       EV: 14    Int:  6    God:    Trog [*****.]
Gold:   1711       SH:  4    Dex: 11    Spells: 11/11 levels left

rFire   . . .        u - +5 war axe
rCold   + + .        (no shield)
rNeg    . . .        K - +5 moon troll leather armour {Spirit, Regen++ MP+5}
rPois   +            (helmet restricted)
rElec   .            (no cloak)
rCorr   .            z - +0 pair of gloves
SInv    .            D - +0 pair of boots
Will    .....        (no amulet)
Stlth   ++           f - ring of protection from cold
HPRegen 1.98/turn    T - ring of poison resistance
MPRegen 0.15/turn

%: guardian spirit
@: about to teleport, spiked, on berserk cooldown, slowed, very slow
A: horns 2, retaliatory headbutt, large bone plates 1, cold resistance 1
a: Renounce Religion, Berserk, Trog's Hand, Brothers in Arms


You were on level 2 of the Orcish Mines.
You worshipped Trog.
Trog was extremely pleased with you.
You visited 2 branches of the dungeon, and saw 12 of its levels.
You also visited: Bailey and Ice Cave.

You collected 1711 gold pieces.

Inventory:

Hand Weapons
 a - a +2 vampiric halberd
 u - a +5 war axe (weapon)
 A - a +2 flail of protection
 B - a +2 heavy flail
 H - a +5 mace
 J - the +8 morningstar of Distraction {flame, rC+ Stlth+}
   (You found it in a bailey)

   rC+:       It protects you from cold.
   Stlth+:    It makes you more stealthy.
 N - a +2 falchion of protection
 O - a +4 flail of holy wrath
 S - a +1 broad axe of freezing
Missiles
 b - 22 poisoned darts (quivered)
 j - 5 atropa-tipped darts
 s - 10 boomerangs
 E - 3 throwing nets
Armour
 z - a +0 pair of gloves (worn)
 D - a +0 pair of boots (worn)
 I - a +0 troll leather armour
 K - the +5 moon troll leather armour (worn) {Spirit, Regen++ MP+5}
   (You found it in a bailey)

   MP+5:      It affects your magic capacity (+5).
   Regen++:   It increases your rate of health regeneration.
 L - the +3 ring mail of Etwub {+Inv}
   (You found it in a bailey)

   +Inv:      It lets you turn invisible.
 Q - a +0 plate armour of fire resistance
 R - +0 ice dragon scales
Jewellery
 f - a ring of protection from cold (left hand)
 v - an amulet of faith
 T - a ring of poison resistance (right hand)
 V - an amulet of guardian spirit
Wands
 o - a wand of quicksilver (9)
 q - a wand of flame (13)
 t - a wand of digging (6)
 y - a wand of polymorph (8)
 C - a wand of iceblast (8)
Scrolls
 c - 2 scrolls of revelation {unknown}
 d - 4 scrolls of identify
 h - 4 scrolls of teleportation
 i - a scroll of torment {unknown}
 l - 2 scrolls of vulnerability
 m - 2 scrolls of fog
 n - 3 scrolls of enchant weapon
 M - a scroll of blinking
Potions
 g - a potion of heal wounds
 k - 4 potions of mutation
 p - a potion of enlightenment {unknown}
 r - 3 potions of ambrosia
 w - 4 potions of berserk rage
 x - 3 potions of curing
 F - a potion of might {unknown}
 G - a potion of invisibility {unknown}


   Skills:
 + Level 11.3 Fighting
 + Level 7.0(12.1) Axes
 + Level 15.3(15.9) Maces & Flails
 + Level 3.9 Throwing
 + Level 8.5 Armour
 + Level 6.8 Dodging
 + Level 2.4 Stealth
 + Level 4.6 Shields


You had 11 spell levels left.
You didn't know any spells.
Your spell library was empty.

Dungeon Overview and Level Annotations

Branches:
Dungeon (10/15)            Temple (0/1) D:5             Orc (2/2) D:10
    Elf (0/3) Orc:2        Bailey (visited)           IceCv (visited)
   Lair: D:8-11

Altars:
Cheibriados
Elyvilon
Gozag
Okawaru
Ru
Trog
Uskayaw
Wu Jian
Xom
Yredelemnul
Zin

Portals:
Trove: D:10 (give 17 potions of curing)

Annotations:
D:10 3 runed translucent doors


Innate Abilities, Weirdness & Mutations

You have a pair of horns on your head.
You reflexively headbutt those who attack you in melee.
You are partially covered in large bone plates. (SH +4)
Your flesh is cold resistant. (rC+)


Message History

The orc priest looks frightened!
The orc looks frightened! x2
The orc high priest looks frightened!
The orc priest looks frightened! x2
An orc priest comes into view. It is wielding a +0 hand axe.
Cornered, the red devil turns to fight! 3 orc warriors come into view.
An orc warrior is wielding a +1 war axe of electrocution.
An orc comes into view. It is wielding a +0 club.
An orc high priest comes into view. It is wielding a +0 scimitar.
The orc priest prays for help.
Unknown command.
Okay, then.
You feel much better.
The red devil hits you from afar with a +0 trident!
Barbed spikes become lodged in your body.
An orc priest comes into view. It is wielding a +0 club.
The orc warrior hits you with a +1 war axe of electrocution.
* * * LOW HITPOINT WARNING * * *
You are electrocuted!!
* * * LOW HITPOINT WARNING * * *
The red devil hits you from afar with a +0 trident!
* * * LOW HITPOINT WARNING * * *
Barbed spikes become lodged in your body.
You feel much better. The orc warrior closely misses you.
The orc priest looks encouraged for a moment.
The orc high priest hits you but does no damage.
The orc knight roars a battlecry!
The orcs go into a battle-frenzy!
The red devil hits you but does no damage.
The orc warrior barely misses you. The orc warrior misses you.
Unknown command.
As you read the scroll of teleportation, it crumbles to dust.
You feel strangely unstable.
The sentinel's mark upon you fades away.
The red devil hits you from afar with a +0 trident!
* * * LOW HITPOINT WARNING * * *
Barbed spikes become lodged in your body.
The orc warrior hits you with a +1 war axe of electrocution!
* * * LOW HITPOINT WARNING * * *
You are electrocuted!
You die...

## ### ###. ##.####...
#.........
################.......#
...o.o..................
....oooo.........#......
###.###@#######.........
#)# #......... #4#
#.........


ooooo.oh# #......... ###o###4# #......... #o# ##......... #o. ........... #o.
........... #oo #......... You could see an orc knight, an orc high priest, an
orange demon (summoned), a warg, a red devil (summoned), 4 orc warriors, 3 orc
priests and an orc.

Vanquished Creatures
  An orc warlord (Orc:1)
  An ice dragon (IceCv)
  A two-headed ogre (D:10)
  2 orc sorcerers (Orc:1)
  Maurice (D:10)
  4 kobold blastminers (Orc:1)
  A gargoyle (Bailey)
  4 rime drakes (IceCv)
  The ghost of middlethird the Magician, a novice VSCj of the Shining One (D:6)
  3 trolls
  A shadow (D:10)
  Sigmund (D:2)
  3 yaks (D:9)
  A vampire (Bailey)
  6 wargs
  4 steam dragons
  Menkaure (D:6)
  Edmund (D:5)
  14 orc warriors
  2 black bears
  A sky beast (D:7)
  An ice beast (D:8)
  3 ogres
  2 phantoms
  A centaur (D:8)
  4 kobold brigands
  2 gnoll sergeants
  4 bullfrogs
  2 scorpions
  16 wights
  5 killer bees (D:6)
  2 lindwurm simulacra (IceCv)
  9 wolf zombies (Bailey)
  10 vampire bats (Bailey)
  A howler monkey (D:9)
  2 bombardier beetles (D:6)
  6 komodo dragon simulacra (IceCv)
  2 jellies
  2 hounds
  9 orc priests
  2 sleepcaps
  Crazy Yiuf (D:7)
  16 orc wizards
  2 iguanas (D:4)
  3 acid dragon simulacra (IceCv)
  13 gnolls
  5 adders
  A shadow imp (D:8)
  A white imp (D:8)
  10 steam dragon simulacra (IceCv)
  A dart slug (D:5)
  55 orcs
  7 endoplasms
  4 giant cockroaches
  8 goblins
  10 hobgoblins
  4 jackals (D:2)
  28 kobolds
  A quokka (D:3)
  11 ball pythons
  4 bats
  4 frilled lizards
  23 orc zombies (Bailey)
  11 rats
362 creatures vanquished.

Vanquished Creatures (collateral kills)
  An orc high priest (Orc:2)
  Joseph (D:8)
  A warg (Orc:2)
  2 vampire mosquitoes (D:10)
  An orc warrior (D:10)
  2 orc priests (D:10)
  2 orc wizards (D:10)
  9 orcs (D:10)
19 creatures vanquished.

Vanquished Creatures (others)
  A kobold (D:9)
1 creature vanquished.

Grand Total: 382 creatures vanquished

Notes
Turn   | Place    | Note
-------+----------+-------------------------------------------
     0 | D:1      | Janerl the Minotaur Berserker began the quest for the Orb.
     0 | D:1      | Reached XP level 1. HP: 19/19 MP: 0/0
   175 | D:1      | Reached XP level 2. HP: 22/27 MP: 1/1
   212 | D:1      | Reached skill level 4 in Maces & Flails
   256 | D:1      | Reached ** piety under Trog
   641 | D:1      | Found a faded altar of an unknown god.
   648 | D:1      | Reached XP level 3. HP: 31/33 MP: 2/2
   861 | D:2      | Noticed Sigmund
   878 | D:2      | Killed Sigmund
   879 | D:2      | Reached skill level 5 in Fighting
   879 | D:2      | Reached skill level 5 in Maces & Flails
   879 | D:2      | Reached XP level 4. HP: 28/42 MP: 3/3
   879 | D:2      | Reached XP level 5. HP: 32/48 MP: 4/4
  1732 | D:3      | Found a sacrificial altar of Ru.
  1891 | D:3      | Found a white marble altar of Elyvilon.
  2049 | D:3      | Found a basalt altar of Yredelemnul.
  2147 | D:3      | Found a bloodstained altar of Trog.
  2367 | D:4      | Reached *** piety under Trog
  2368 | D:4      | Reached skill level 1 in Axes
  2368 | D:4      | Reached XP level 6. HP: 53/56 MP: 5/5
  2674 | D:4      | Found an iron altar of Okawaru.
  2872 | D:4      | Found a glowing silver altar of Zin.
  3156 | D:5      | Entered Level 5 of the Dungeon
  3189 | D:5      | Gained mutation: Your flesh is cold resistant. (rC+)
                  | [potion of mutation]
  3189 | D:5      | Gained mutation: You are partially covered in large bone
                  | plates. (SH +4) [potion of mutation]
  3209 | D:5      | Found a staircase to the Ecumenical Temple.
  3358 | D:5      | Reached skill level 1 in Throwing
  3556 | D:5      | Noticed Edmund
  3558 | D:5      | Found a snail-covered altar of Cheibriados.
  3567 | D:5      | Killed Edmund
  3568 | D:5      | Reached skill level 6 in Maces & Flails
  3568 | D:5      | Reached XP level 7. HP: 58/61 MP: 6/6
  3620 | D:5      | Found an ornate altar of the Wu Jian Council.
  3785 | D:6      | Found a large runed translucent door.
  3786 | D:6      | Found a large runed translucent door.
  3798 | D:6      | Noticed middlethird's ghost (novice VSCj)
  3827 | D:6      | Killed middlethird's ghost
  3828 | D:6      | Reached skill level 5 in Armour
  4030 | D:6      | Reached XP level 8. HP: 70/70 MP: 7/7
  4073 | D:6      | Reached skill level 5 in Axes
  4073 | D:6      | Reached skill level 7 in Maces & Flails
  4138 | D:6      | Found a hide-covered altar of Uskayaw.
  4179 | D:6      | Reached skill level 1 in Shields
  4428 | D:6      | Noticed Menkaure
  4434 | D:6      | Killed Menkaure
  4434 | D:6      | Reached **** piety under Trog
  4435 | D:6      | Reached skill level 8 in Maces & Flails
  5204 | D:7      | Found a flagged portal.
  5227 | Bailey   | Entered a bailey
  5339 | Bailey   | Reached XP level 9. HP: 74/78 MP: 8/8
  5407 | Bailey   | Reached skill level 9 in Maces & Flails
  5613 | Bailey   | Noticed a gargoyle
  5622 | Bailey   | Killed a gargoyle
  5623 | Bailey   | Reached skill level 10 in Maces & Flails
  5785 | Bailey   | Identified the +8 morningstar of Distraction {flame, rC+
                  | Stlth+}
  5914 | Bailey   | Found the +5 moon troll leather armour {Spirit, Regen++
                  | MP+5}
  5925 | Bailey   | Identified the +3 ring mail of Etwub {+Inv}
  6100 | D:7      | Found an opulent altar of Gozag.
  6462 | D:7      | Reached ***** piety under Trog
  6559 | D:7      | Reached skill level 11 in Maces & Flails
  6722 | D:7      | Found a runed translucent door.
  6723 | D:7      | Noticed Crazy Yiuf
  6730 | D:7      | Killed Crazy Yiuf
  6853 | D:8      | Reached XP level 10. HP: 87/88 MP: 9/9
  6950 | D:8      | Reached skill level 1 in Stealth
  7110 | D:8      | Found a shimmering altar of Xom.
  7111 | D:8      | Found a shimmering altar of Xom.
  7122 | D:8      | Found a shimmering altar of Xom.
  7130 | D:8      | Found a shimmering altar of Xom.
  7131 | D:8      | Found a shimmering altar of Xom.
  7161 | D:8      | Noticed Joseph
  7225 | D:8      | Killed Joseph
  7226 | D:8      | Reached skill level 12 in Maces & Flails
  7568 | D:9      | Reached skill level 5 in Dodging
  7756 | D:10     | Entered Level 10 of the Dungeon
  7797 | D:10     | Received a gift from Trog
  7798 | D:10     | Reached skill level 13 in Maces & Flails
  8009 | D:10     | Noticed a two-headed ogre
  8019 | D:10     | Killed a two-headed ogre
  8021 | D:10     | Reached XP level 11. HP: 93/99 MP: 10/10
  8068 | D:10     | Noticed Maurice
  8084 | D:10     | Maurice stole a +2 flail of protection
  8087 | D:10     | Something stole a maw talisman
  8088 | D:10     | Something stole an amulet of faith
  8092 | D:10     | Killed Maurice
  8165 | D:10     | Found a staircase to the Orcish Mines.
  8352 | D:10     | Found a runed translucent gate.
  8352 | D:10     | Found a runed translucent gate.
  8352 | D:10     | Found a runed translucent gate.
  8352 | D:10     | Noticed a purple ugly thing
  8352 | D:10     | Noticed a cyan ugly thing
  8352 | D:10     | Noticed a cyan ugly thing
  8352 | D:10     | Noticed a purple ugly thing
  8354 | D:10     | Noticed a purple ugly thing
  8355 | D:10     | Noticed a purple ugly thing
  8359 | D:10     | Noticed a glowing orange brain
  8437 | D:10     | Reached skill level 10 in Fighting
  8526 | D:10     | Found a portal to a secret trove of treasure.
  8754 | Orc:1    | Entered Level 1 of the Orcish Mines
  8754 | Orc:1    | Noticed an orc sorcerer
  8763 | Orc:1    | Killed an orc sorcerer
  8931 | Orc:1    | Received a gift from Trog
  8934 | Orc:1    | Reached skill level 14 in Maces & Flails
  8945 | Orc:1    | Found a frozen archway.
  8956 | IceCv    | Entered an ice cave
  9098 | IceCv    | Noticed an ice dragon
  9114 | IceCv    | Killed an ice dragon
  9324 | IceCv    | Identified the staff "Otwah" {rC+ rCorr Dex+7 Ice}
  9878 | Orc:1    | Reached skill level 15 in Maces & Flails
  9890 | Orc:1    | Noticed an orc warlord
  9914 | Orc:1    | Killed an orc warlord
  9966 | Orc:1    | Noticed an orc sorcerer
  9977 | Orc:1    | Noticed a sun demon
  9980 | Orc:1    | Killed an orc sorcerer
 10175 | Orc:2    | Entered Level 2 of the Orcish Mines
 10349 | Orc:2    | Reached XP level 12. HP: 94/110 MP: 11/11
 10451 | Orc:2    | Found a staircase to the Elven Halls.
 10536 | Orc:2    | Noticed an orc high priest
 10539 | Orc:2    | Noticed an orc high priest
 10544 | Orc:2    | Killed an orc high priest
 10565 | Orc:2    | Noticed an orc high priest
 10568 | Orc:2    | Slain by an orc warrior

Illustrated notes

Levels and vault maps discovered:
D:1:      dpeg_arrival_line_fractal, layout_rooms,
          chequers_ecumenical_altar_simple
D:2:      layout_basic, chequers_serial_rivers_micro_a, uniq_sigmund
D:3:      layout_loops_ring, nicolae_ru_the_path_less_chosen,
          lightli_temple_of_fire, kennysheep_ying_yang
D:4:      layout_basic, mainiacjoe_overflow_24_doors, zin_statuary,
          serial_curves, eino_curves_04, eino_curves_01, grunt_ministairs_13
D:5:      layout_rooms, pdpol_wu_jian_five_deadly_venoms,
          lemuel_coloured_pillars_altar, minmay_temple_entry_offerings,
          uniq_edmund
D:6:      layout_loops_corners, mainiacjoe_overflow_cross_hatched,
          ebering_ghost_disaster_area, lexackson_kobold_supper, uniq_menkaure
D:7:      layout_loops_ring, kennysheep_mini, enter_bailey_7,
          grunt_ministairs_8, hangedman_decor_points, uniq_crazy_yiuf_cottage
D:8:      layout_basic, xom_shifter_show, uniq_joseph
D:9:      kennysheep_steamy, layout_cave_pools,
          nicolae_qazlal_general_emergency, serial_bayou, serial_bayou_pond_c,
          serial_bayou_pond_a, serial_bayou_crossing, serial_bayou_lagoon_a,
          abandoned_shop
D:10:     layout_roguey, hiddenorc1_lemuel,
          ploomutoo_gammafunk_ghost_potion_laboratory,
          nicolae_trove_entry_diagonal, serial_curves, eino_curves_03,
          eino_curves_04, uniq_maurice
Orc:1:    layout_diamond_mine, basic_altar, serial_shops,
          portal_ice_cave_entry_pillars_2, nicolae_orc_stalacmites
Orc:2:    st_orc_town, layout_diamond_mine, basic_altar

Skill      XL: |  1  2  3  4  5  6  7  8  9 10 11 12 |
---------------+-------------------------------------+-----
Fighting       | 4 5 6 8 9 11 | 11.3
Maces & Flails | 4 5 6 8 11 13 15 | 15.3
Armour         | 3 4 5 6 7 8 |  8.5
Dodging        | 3 4 5 6 |  6.8
Axes           | 1 3 4 5 7 |  7.0
Throwing       | 1 2 3 |  3.9
Shields        | 1 3 4 |  4.6
Stealth        | 1 2 |  2.4

Action                     |  1- 3 |  4- 6 |  7- 9 | 10-12 || total
---------------------------+-------+-------+-------+-------++-------
  Melee: Mace              |    68 |    79 |       |       ||   147
         Headbutt          |     7 |    22 |    65 |    51 ||   145
         War axe           |       |    47 |       |    92 ||   139
         Flail             |       |     8 |   255 |       ||   263
         Punch             |       |       |     4 |     4 ||     8
         Morningstar       |       |       |    42 |   308 ||   350
  Throw: Dart              |       |    14 |    12 |       ||    26
 Invoke: Berserk           |     1 |       |     3 |     3 ||     7
         Brothers in Arms  |       |       |       |     3 ||     3
    Use: Scroll            |       |     6 |     3 |     6 ||    15
         Potion            |       |     1 |       |     5 ||     6
   Stab: Sleeping          |       |       |     1 |     1 ||     2
 Armour: Animal skin       |    34 |       |       |       ||    34
         Chain mail        |    14 |   113 |   212 |       ||   339
         Troll leather arm |       |       |    22 |   308 ||   330
         Ice dragon scales |       |       |       |    20 ||    20
  Dodge: Dodged            |    58 |    62 |   154 |   209 ||   483
  Block: Other             |       |     1 |    48 |    55 ||   104
